 Dungeon Crawl Stone Soup version 0.29.1-12-g30fa7ad0bf (webtiles) character file.

Game seed: 5510930685861023795

55 GigaChad the Conjurer (level 3, 0/24 (27) HPs)
             Began as a Demigod Conjurer on Dec 12, 2022.
             Slain by a kobold
             ... wielding a +0 dagger of draining
              (2 damage)
             ... on level 2 of the Dungeon.
             The game lasted 00:03:06 (1794 turns).

GigaChad the Conjurer (Demigod Conjurer)            Turns: 1794, Time: 00:03:07

HP:   0/24 (27)     AC:  2    Str:  8    XL:     3   Next: 45%
MP:   5/8           EV:  9    Int: 20    God:
Gold: 75            SH:  0    Dex: 16    Spells: 3/6 levels left

rFire   . . .      SeeInvis .   q - +0 rapier
rCold   . . .      Faith    .   (no shield)
rNeg    . . .      Spirit   .   a - +0 robe
rPois   .          Reflect  .   (no helmet)
rElec   .          Harm     .   (no cloak)
rCorr   .          Rampage  .   (no gloves)
Will    .....                   (no boots)
Stlth   ++........              h - amulet of the acrobat
HPRegen 0.08/turn               (no ring)
MPRegen 0.11/turn               (no ring)

@: slowed, constricted, heavily drained, very slow
A: high MP 1, forlorn, divine attributes
a: no special abilities


You were on level 2 of the Dungeon.
You visited 1 branch of the dungeon, and saw 2 of its levels.

You collected 75 gold pieces.

Inventory:

Hand Weapons
 i - a +0 dagger
 q - a +0 rapier (weapon)
Armour
 a - a +0 robe (worn)
Jewellery
 h - an amulet of the acrobat (around neck)
 j - a ring of see invisible
Scrolls
 c - a scroll of enchant weapon {unknown}
 d - a scroll of blinking {unknown}
 e - a scroll of identify {unknown}
 f - 2 scrolls of amnesia {unknown}
 g - a scroll of teleportation {unknown}
 k - a scroll of poison {unknown}
 m - a scroll of torment {unknown}
 n - a scroll of vulnerability {unknown}
Potions
 b - a potion of magic
 l - a potion of heal wounds {unknown}
 o - a potion of mutation {unknown}
 p - a potion of brilliance {unknown}


   Skills:
 + Level 0.4 Fighting
 + Level 0.1 Short Blades
 + Level 1.9 Dodging
 + Level 2.1 Stealth
 + Level 2.1 Spellcasting
 + Level 4.3 Conjurations


You had 3 spell levels left.
You knew the following spells:

 Your Spells              Type           Power      Damage    Failure   Level
a - Magic Dart            Conj           76%        1d6       2%          1
b - Searing Ray           Conj           38%        2d5       4%          2

Your spell library contained the following spells:

 Spells                   Type           Power      Damage    Failure   Level
 Dazzling Flash           Conj/Hex       20%        N/A       19%         3
 Call Imp                 Summ           2%         N/A       24%         2
 Mephitic Cloud           Conj/Pois/Air  7%         N/A       26%         3
 Fulminant Prism          Conj/Hex       5%         3d7       54%         4
 Iskenderun's Mystic Bla  Conj/Tloc      10%        2d4       54%         4


Dungeon Overview and Level Annotations

Branches:
Dungeon (2/15)

Annotations:
D:2 Natasha


Innate Abilities, Weirdness & Mutations

You have an increased reservoir of magic. (+10% MP)
You shall have no god before yourself.
Your divine heritage dramatically boosts your attributes as you level up.


Message History

The frilled lizard hisses angrily.
The magic dart hits the goblin.
You kill the goblin!
A ball python comes into view.
The magic dart hits Natasha.
Natasha is heavily wounded.
The ball python hisses angrily.
Natasha barely misses you.
The magic dart hits Natasha.
Natasha is severely wounded.
The kobold hits you with a +0 dagger of draining.
You feel drained. Natasha casts a spell at you. The magic dart hits you!
The magic dart hits Natasha.
Natasha is severely wounded.
The kobold hits you with a +0 dagger of draining.
You feel drained. The frilled lizard barely misses you.
Natasha closely misses you.
A rat comes into view.
The kobold hits you with a +0 dagger of draining.
You feel drained. The frilled lizard bites you.
Natasha wildly gestures.
Natasha's front paws start to glow.
Natasha barely misses you.
You closely miss the kobold. The kobold closely misses you.
The frilled lizard closely misses you. Natasha claws you.
* * * LOW HITPOINT WARNING * * *
The ball python bites you but does no damage.
The ball python closely misses you. The kobold closely misses you.
The frilled lizard misses you.
You hit Natasha but do no damage.
Natasha is severely wounded.
The ball python bites you.
* * * LOW HITPOINT WARNING * * *
The ball python grabs you. The ball python constricts you.
* * * LOW HITPOINT WARNING * * *
Natasha barely misses you. The frilled lizard barely misses you.
The kobold hits you with a +0 dagger of draining.
You die...

..$... #†##
......###.#
..........##
...........##
#...<......#
##.........#
.##.........###.
.........l......
##!.....@K..##..
##.....hS......
#.........#.#.
...>)......#.#
.........[....
..#........!.#.
.##.........## .
..#.....### #. .
.##


You could see Natasha, a ball python, a kobold and a frilled lizard.

Vanquished Creatures
  A worm (D:2)
  A dart slug (D:2)
  2 ball pythons
  3 endoplasms (D:1)
  A giant cockroach (D:1)
  3 goblins
  6 hobgoblins
  3 bats (D:1)
  4 frilled lizards
24 creatures vanquished.

Vanquished Creatures (others)
  Natasha (D:2)
1 creature vanquished.

Grand Total: 25 creatures vanquished

Notes
Turn   | Place    | Note
-------+----------+-------------------------------------------
     0 | D:1      | GigaChad the Demigod Conjurer began the quest for the Orb.
     0 | D:1      | Reached XP level 1. HP: 14/14 MP: 5/5
   380 | D:1      | Reached skill level 4 in Conjurations
   380 | D:1      | Reached XP level 2. HP: 20/20 MP: 4/7
   686 | D:1      | Learned a level 2 spell: Searing Ray
  1266 | D:2      | HP: 1/22 [hobgoblin/+0 rapier (8)]
  1580 | D:2      | Noticed Natasha
  1589 | D:2      | Killed Natasha
  1590 | D:2      | Reached XP level 3. HP: 11/27 MP: 4/8
  1729 | D:2      | Noticed Natasha
  1794 | D:2      | Slain by a kobold

Illustrated notes

Levels and vault maps discovered:
D:1:      lemuel_arrival_lava_pool, layout_loops_ring,
          hellmonk_ecumenical_altar_crossroads, minmay_quantized
D:2:      layout_rooms, uniq_natasha

Skill      XL: |  1  2 |
---------------+-------+-----
Conjurations   | 4 |  4.3
Stealth        | 2 |  2.1
Spellcasting   | 2 |  2.1
Fighting       | |  0.4
Short Blades   | |  0.1
Dodging        | |  1.9

Action                   || total
-------------------------++-------
Melee: Dagger            ||    27
       Rapier            ||     9
 Cast: Magic Dart        ||    53
Armor: Robe              ||     5
Dodge: Dodged            ||    27
